 Dungeon Crawl Stone Soup version 0.32-a0-705-g60f233581c (webtiles) character file.

Game seed: 9354928285029711895

21 cforsyth the Chopper (level 2, 0/26 HPs)
             Began as a Mountain Dwarf Cinder Acolyte on Mar 14, 2024.
             Was a High Priest of Ignis.
             Succumbed to an adder's poison
             ... on level 2 of the Dungeon.
             The game lasted 00:01:32 (785 turns).

cforsyth the Chopper (Mountain Dwarf Cinder Acolyte) Turns: 785, Time: 00:01:33

Health: 0/26       AC:  2    Str: 16    XL:     2   Next: 62%
Magic:  3/3        EV: 10    Int: 14    God:    Ignis [*****.]
Gold:   74         SH:  0    Dex:  5    Spells: 1/3 levels left

rFire   + . .        a - -1 hand axe (flame)
rCold   . . .        (no shield)
rNeg    . . .        b - +0 robe
rPois   .            (no helmet)
rElec   .            (no cloak)
rCorr   .            (no gloves)
SInv    .            (no boots)
Will    .....        (no amulet)
Stlth   +            (no ring)
HPRegen 0.24/turn    (no ring)
MPRegen 0.08/turn

%: no passive effects
@: mighty, lethally poisoned (0 -> -6), invisible
A: runic magic, artefact enchanting
a: Renounce Religion, Fiery Armour, Foxfire Swarm, Rising Flame


You were on level 2 of the Dungeon.
You worshipped Ignis.
Ignis was extremely pleased with you.
You visited 1 branch of the dungeon, and saw 2 of its levels.

You collected 74 gold pieces.


Innate Abilities, Weirdness & Mutations

Your spellcasting is much less encumbered by armour.
You can use scrolls of enchantment on lesser artefacts.


   Skills:
 + Level 3.5 Fighting
 + Level 3.9 Axes
 + Level 0.9 Armour
 + Level 1.3 Spellcasting
 + Level 3.9 Fire Magic


You had one spell level left.
You knew the following spells:

 Your Spells              Type           Power      Damage    Failure   Level
X - Scorch                Fire           22%        2d5       8%          2

Your spell library contained the following spells:

 Spells                   Type           Power      Damage    Failure   Level
 Dazzling Flash           Conj/Hex       0%         N/A       61%         3
 Starburst                Conj/Fire      3%         6d3       100%        6
 Maxwell's Capacitive Co  Air            0%         ∞         100%        8

Inventory:

Hand Weapons
 a - a -1 hand axe of flaming (weapon)
Armour
 b - a +0 robe (worn)
Scrolls
 c - a scroll of identify {unknown}
 e - a scroll of poison {unknown}
 g - 2 scrolls of amnesia {unknown}
 h - 2 scrolls of teleportation {unknown}
Potions
 d - a potion of invisibility
 f - a potion of attraction {unknown}

Dungeon Overview and Level Annotations

Branches:
Dungeon (2/15)

Altars:

Shops:
D:2

(=( ### ##. #.. ..#
#.###### ..# #
#.#....# ..#
#.#.....##.#..#
#######.#........#..#
<...........######..#
........#.#...∩.@SK.#
#######.#.#.#######.#
#.#.. # #.#### #.#
#.# #(# #.# #.#


You could see an adder (unable to see you) and a kobold (unable to see you).


Message History

It was a potion of might.
You feel very mighty all of a sudden.
You feel sick. The adder barely misses you.
You closely miss the adder.
The adder is moderately wounded.
You feel sick. The adder barely misses you. x2
Unknown command.
Unknown command.
Unknown command.
You barely miss the adder.
The adder is moderately wounded.
You feel sick. The adder barely misses you.
Unknown command.
Unknown command.
You feel sick.
You are no longer poisoned.
Unknown command.
Okay, then.
Unknown command.
You miss the adder.
The adder is moderately wounded.
The adder closely misses you. The adder bites you.
* * * LOW HITPOINT WARNING * * *
You are lethally poisoned!
The adder poisons you!
Unknown command.
Unknown command.
It was a potion of magic.
Magic courses through your body.
You die...
Ignis goes out, and joins you in death.

Action                     || total
---------------------------++-------
  Melee: Hand axe          ||    60
   Cast: Scorch            ||     7
    Use: Potion            ||     3
   Stab: Invisible         ||     1
 Armour: Robe              ||    37
  Dodge: Dodged            ||    34

Levels and vault maps discovered:
D:1:      scummos_arrival_hexagon, layout_rooms,
          hellmonk_ecumenical_altar_run_dry
D:2:      layout_basic, basic_altar, serial_shops, shop,
          nicolae_shop_tiny_glass, nicolae_square_shop, shop, shop,
          minmay_close_crescents

Notes
Turn   | Place    | Note
-------+----------+-------------------------------------------
     0 | D:1      | cforsyth the Mountain Dwarf Cinder Acolyte began the quest
                  | for the Orb.
     0 | D:1      | Reached XP level 1. HP: 19/19 MP: 2/2
   157 | D:1      | Found a faded altar of an unknown god.
   166 | D:1      | Reached XP level 2. HP: 17/26 MP: 3/3
   219 | D:1      | Learned a level 2 spell: Scorch
   681 | D:2      | Found Yplaw's Weapon Boutique.
   739 | D:2      | Found Watec's Jewellery Emporium.
   763 | D:2      | Found Kukhlah's Weapon Emporium.
   784 | D:2      | HP: 1/26 [adder (3)]
   785 | D:2      | Succumbed to an adder's poison

Vanquished Creatures
  A dart slug (D:1)
  2 ball pythons (D:1)
  An endoplasm (D:1)
  A goblin (D:2)
  2 hobgoblins (D:1)
  4 kobolds (D:1)
  2 quokkas (D:1)
  3 frilled lizards (D:1)
  2 rats (D:1)
18 creatures vanquished.

Table legend: (Time is in decaauts)
 A = Elapsed time spent in this place.
 B = Non-inter-level travel time spent in this place.
 C = Inter-level travel time spent in this place.
 D = Time resting spent in this place.
 E = Time spent auto-exploring this place.
 F = Levels seen in this place.
 G = Mean time per level.
                   A        B        C        D        E       F      G
               +--------+--------+--------+--------+--------+-----+--------+
         Total |    791 |    768 |     23 |      0 |    601 |   2 |  395.5 |
       Dungeon |    791 |    768 |     23 |      0 |    601 |   2 |  395.5 |
               +--------+--------+--------+--------+--------+-----+--------+

Top non-repeatable levels by time:
     D:1: 684 daAuts
     D:2: 106 daAuts

Table legend:
 A = Non-vault XP
 B = Vault XP
 C = Vault XP percentage of total XP
 D = Non-vault monster count
 E = Vault monster count
 F = Vault count percentage of total count
                 A         B        C        D         E       F
            +---------+---------+-------+---------+---------+-------
      Total |      30 |       0 |   0.0 |      18 |       0 |   0.0
            +---------+---------+-------+---------+---------+-------
        D:1 |      28 |       0 |   0.0 |      17 |       0 |   0.0
        D:2 |       2 |       0 |   0.0 |       1 |       0 |   0.0
            +---------+---------+-------+---------+---------+-------
